 Dungeon Sprint DCSS version 0.30-a0-802-gb92711bcdf (webtiles) character file.

Game seed: 16847787922324365225

10200000 BigDaddyOpFi the Intangible (level 27, -25/195 (228) HPs)
             Began as a Djinni Warper on Feb 24, 2023.
             Was the Champion of Makhleb.
             Killed from afar by a wretched soul (107 damage)
             ... with a bolt of negative energy
             ... in the Dungeon (Sprint VIII: "Arena of Blood").
             The game lasted 00:02:36 (102 turns).

BigDaddyOpFi the Intangible (Djinni Warper)          Turns: 102, Time: 00:02:37

HP:   -25/195 (228) AC:  6    Str: 12    XL:     27
Gold: 0             EV: 36    Int: 16    God:    Makhleb [******] SH:  0 Dex: 24

rFire   + + +      SeeInvis .    h - +∞ Axe of Woe
rCold   x . .      Faith    .    (shield currently unavailable)
rNeg    . . .      Spirit   .    a - +0 leather armour
rPois   ∞          Reflect  .    (no helmet)
rElec   .          Harm     .    (no cloak)
rCorr   .          Rampage  .    (no gloves)
Will    ++...      NoTele   +    (boots unavailable)
Stlth   ++++++++++               (no amulet)
HPRegen 0.52/turn                f - ring of protection from fire
MPRegen 0.00/turn                (no ring)

@: flying, hasted and slowed, heavily drained
A: sickness immunity, fire resistance 2, cold vulnerability 1, float, innate
caster, HP casting, extra vitality 1
a: Renounce Religion, Minor Destruction, Lesser Servant of Makhleb, Major
Destruction, Greater Servant of Makhleb


You were in the Dungeon.
You worshipped Makhleb.
Makhleb was exalted by your worship.
You visited 1 branch

Inventory:

Hand Weapons
 h - the +∞ Axe of Woe (weapon)
   (You found it in the Dungeon)
Missiles
 c - 7 boomerangs of dispersal (quivered)
Armour
 a - a +0 leather armour (worn)
Jewellery
 f - a ring of protection from fire (left hand)
 i - a +30 ring of slaying
Scrolls
 b - a scroll of blinking
Potions
 d - a potion of curing
 g - a potion of berserk rage


   Skills:
 O Level 27 Fighting
 O Level 27 Short Blades
 O Level 27 Long Blades
 O Level 27 Axes
 O Level 27 Maces & Flails
 O Level 27 Polearms
 O Level 27 Staves
 O Level 27 Ranged Weapons
 O Level 27 Throwing
 O Level 27 Armour
 O Level 27 Dodging
 O Level 27 Stealth
 O Level 27 Shields
 O Level 27 Unarmed Combat
 O Level 27 Spellcasting
 O Level 27 Invocations
 O Level 27 Evocations


You knew the following spells:

 Your Spells              Type           Power      Damage    Failure   Level
a - Blink                 Tloc           100%       N/A       0%          2
b - Lesser Beckoning      Tloc           100%       N/A       0%          2
c - Vhi's Electric Charg  Tloc/Air       100%       N/A       0%          3
d - Teleport Other        Tloc           82%        N/A       0%          3
e - Manifold Assault      Tloc           82%        N/A       0%          4
f - Shock                 Conj/Air       100%       1d9       0%          1
g - Momentum Strike       Conj/Tloc      100%       3d10      0%          2
h - Tukima's Dance        Hex            82%        N/A       0%          3
i - Olgreb's Toxic Radia  Pois           82%        N/A       0%          4
j - Sticky Flame          Conj/Fire      82%        2d9       0%          4
k - Agony                 Necr           82%        N/A       0%          5
l - Statue Form           Tmut/Erth      54%        N/A       0%          6
m - Conjure Ball Lightni  Conj/Air       41%        3x3d13    0%          6
n - Eringya's Noxious Bo  Tmut/Pois      41%        N/A       0%          6
o - Infestation           Necr           41%        N/A       1%          8
p - Maxwell's Capacitive  Air            41%        ∞         1%          8
q - Polar Vortex          Ice            41%        N/A       2%          9
r - Shatter               Erth           41%        3d32*     2%          9
Your spell library was empty.

Dungeon Overview and Level Annotations

Branches:
Dungeon (1/1)

Altars:
Makhleb

Annotations:
D The Servant


Innate Abilities, Weirdness & Mutations

You are immune to sickness and miasma.
You are immune to poison.
Your flesh is very heat resistant. (rF++)
You are vulnerable to cold. (rC-)
You float through the air rather than walking.
You learn spells naturally, not from books.
Your magical power is your life essence.
You have superior vitality. (+4 MHP)


Message History

You feel something staring at you.
A fireball appears from out of thin air!
The fireball explodes!
The fireball engulfs you! You resist.
You hear a shout! x4
The accursed is engulfed in blazing flames.
The accursed casts a spell at you. Something smites you!
The eight-headed meat hydra calls on the powers of darkness!
The eight-headed meat hydra convulses!
Something is bathed in an unholy light! x3
Your body is wracked with pain!
* * * LOW HITPOINT WARNING * * *
Something is bathed in an unholy light!
The scourge convulses!
The eight-headed meat hydra convulses!
The bag of meat convulses!
The scourge convulses!
The scourge hisses angrily.
The meat berserker convulses!
The bag of meat convulses!
You hear a shout!
A bag of meat comes into view. It is wielding a +9 war axe.
The tyrant gestures wildly while chanting.
You hear a shout! x4
Unknown command.
Casting: Vhi's Electric Charge (safe; 0% risk of failure)
Confirm with . or Enter, or press ? or * to list all spells.
Charge where?
Press: ? - help, Dir - move target, f - eight-headed meat hydra
Aim: an eight-headed meat hydra (heavily wounded, 100% to hit)
You charge forward with an electric crackle!
You chop one of the eight-headed meat hydra's heads off!
The seven-headed meat hydra grows two more!
You carve the nine-headed meat hydra like a ham and electrocute it!!!
You dissect the nine-headed meat hydra like a pig carcass.
You kill the nine-headed meat hydra!
Makhleb accepts your kill.
You feel better.
You hear a shout! x2
A bolt of negative energy appears from out of thin air!
The bolt of negative energy hits you!!!!
You feel drained.
Ouch! That really hurt!
You die...

...# ..........##.....#
...###................#
#.............###.....#
......................#
))#...))).#.#zo.......#
._#...)....@..oo.)....#
).#.).)))#.#.#.°{..)..#
......))).o..X°))†.)..#
#..).)).).#.#X#○@#.)).#
...###)X)...§{S.#.)...#
...#...X.D))§§§{.#○○..#
...#....L)))§.§.#.§)§)#
........X).).))L).§§M.#
.......#...#))))..##..#
......#....#).)..##...#
....##oO.S.#)))..#....#
......#....##...L.#


You could see an accursed, a tentacled monstrosity (summoned), a tyrant, The
Servant, an eight-headed meat hydra, a scourge, a sculptor of flesh and 4 bags
of meat.

Vanquished Creatures
  7 hell beasts (D)
  Edmund (D)
  4 royal mummies (D)
  A great orb of eyes (D)
  A wraith (D)
  12 vampire knights (D)
  36 ogres (D)
  7 two-headed ogres (D)
  2 liches (D)
  4 hydras (D)
  65 orcs (D)
  4 skeletal warriors (D)
144 creatures vanquished.

Vanquished Creatures (others)
  A two-headed ogre (D)
  A hydra (D)
2 creatures vanquished.

Grand Total: 146 creatures vanquished

Notes
Turn   | Place    | Note
-------+----------+-------------------------------------------
     0 | D        | Found the +∞ Axe of Woe
     0 | D        | BigDaddyOpFi the Djinni Warper began the quest for the Orb.
     0 | D        | BigDaddyOpFi set off with the following spells memorised:
                  | Blink, Lesser Beckoning, Vhi's Electric Charge, Teleport
                  | Other, Manifold Assault.
     0 | D        | Reached XP level 1. HP: 18/18 MP: 0/0
     0 | D        | Noticed a meat berserker
     3 | D        | Noticed a bag of meat
     4 | D        | Became a worshipper of Makhleb the Destroyer
     4 | D        | Noticed a bag of meat
     5 | D        | Noticed a bag of meat
     5 | D        | Noticed a bag of meat
     5 | D        | Noticed a bag of meat
     6 | D        | Noticed a meat berserker
     7 | D        | Killed a meat berserker
     8 | D        | Reached skill level 10 in Fighting
     8 | D        | Reached skill level 10 in Armour
     8 | D        | Reached skill level 10 in Unarmed Combat
     8 | D        | Reached skill level 10 in Invocations
     8 | D        | Reached XP level 2. HP: 36/36 MP: 0/0
     8 | D        | Reached XP level 3. HP: 41/41 MP: 0/0
     8 | D        | Learned a level 1 spell: Shock
     8 | D        | Reached XP level 4. HP: 47/47 MP: 0/0
     8 | D        | Reached XP level 5. HP: 52/52 MP: 0/0
     8 | D        | Learned a level 2 spell: Momentum Strike
     8 | D        | Reached XP level 6. HP: 58/58 MP: 0/0
     8 | D        | Reached XP level 7. HP: 64/64 MP: 0/0
     8 | D        | Learned a level 3 spell: Tukima's Dance
     8 | D        | Reached XP level 8. HP: 69/69 MP: 0/0
     8 | D        | Reached XP level 9. HP: 75/75 MP: 0/0
     8 | D        | Learned a level 4 spell: Olgreb's Toxic Radiance
     8 | D        | Reached XP level 10. HP: 81/81 MP: 0/0
     8 | D        | Reached XP level 11. HP: 86/86 MP: 0/0
     8 | D        | Learned a level 4 spell: Sticky Flame
     8 | D        | Reached XP level 12. HP: 92/92 MP: 0/0
     8 | D        | Killed a meat berserker
     8 | D        | Reached * piety under Makhleb
     8 | D        | Killed a bag of meat
     9 | D        | Reached skill level 10 in Axes
     9 | D        | Reached skill level 10 in Throwing
     9 | D        | Reached skill level 10 in Spellcasting
     9 | D        | Reached XP level 13. HP: 102/102 MP: 0/0
     9 | D        | Learned a level 5 spell: Agony
     9 | D        | Reached XP level 14. HP: 108/108 MP: 0/0
     9 | D        | Killed a bag of meat
    10 | D        | Killed a bag of meat
    10 | D        | Reached ** piety under Makhleb
    10 | D        | Killed a bag of meat
    10 | D        | Killed a bag of meat
    10 | D        | Noticed a meat berserker
    11 | D        | Reached XP level 15. HP: 65/118 MP: 0/0
    11 | D        | Learned a level 6 spell: Statue Form
    14 | D        | Noticed a meat berserker
    14 | D        | Noticed a meat berserker
    14 | D        | Noticed a meat berserker
    14 | D        | Noticed a meat berserker
    15 | D        | Noticed a meat berserker
    15 | D        | Noticed a meat berserker
    15 | D        | Noticed a meat berserker
    16 | D        | Reached skill level 15 in Fighting
    16 | D        | Reached skill level 15 in Armour
    16 | D        | Reached skill level 15 in Unarmed Combat
    16 | D        | Reached *** piety under Makhleb
    16 | D        | Killed a meat berserker
    16 | D        | Noticed a destroyer
    17 | D        | Reached XP level 16. HP: 78/128 MP: 0/0
    17 | D        | Killed a meat berserker
    17 | D        | Killed a meat berserker
    17 | D        | Reached **** piety under Makhleb
    17 | D        | Killed a meat berserker
    17 | D        | Reached ***** piety under Makhleb
    17 | D        | Noticed a meat berserker
    17 | D        | Noticed a large bag of meat
    17 | D        | Noticed a meat berserker
    18 | D        | Reached skill level 15 in Axes
    18 | D        | Reached XP level 17. HP: 65/139 MP: 0/0
    18 | D        | Learned a level 6 spell: Conjure Ball Lightning
    18 | D        | Killed a meat berserker
    18 | D        | Killed a meat berserker
    19 | D        | Reached XP level 18. HP: 92/149 MP: 0/0
    19 | D        | Killed a meat berserker
    19 | D        | Killed a meat berserker
    19 | D        | Reached ****** piety under Makhleb
    19 | D        | Noticed a destroyer
    20 | D        | Reached XP level 19. HP: 153/160 MP: 0/0
    20 | D        | Learned a level 6 spell: Eringya's Noxious Bog
    20 | D        | Noticed a meat berserker
    21 | D        | Reached XP level 20. HP: 169/169 MP: 0/0
    21 | D        | Killed a destroyer
    21 | D        | Noticed a meat berserker
    22 | D        | Noticed a meat berserker
    22 | D        | Killed a large bag of meat
    22 | D        | Noticed a meat berserker
    22 | D        | Noticed a meat berserker
    23 | D        | Noticed a large bag of meat
    23 | D        | Noticed a meat berserker
    23 | D        | Killed a meat berserker
    23 | D        | Killed a meat berserker
    23 | D        | Noticed a meat berserker
    24 | D        | Reached XP level 21. HP: 181/181 MP: 0/0
    24 | D        | Learned a level 8 spell: Infestation
    24 | D        | Noticed a destroyer
    25 | D        | Killed a meat berserker
    25 | D        | Killed a meat berserker
    26 | D        | Reached skill level 27 in Dodging
    26 | D        | Noticed a meat berserker
    26 | D        | Noticed an eight-headed meat hydra
    27 | D        | Reached XP level 22. HP: 191/191 MP: 0/0
    27 | D        | Noticed an eight-headed meat hydra
    27 | D        | Killed a meat berserker
    27 | D        | Noticed a meat berserker
    28 | D        | Noticed a destroyer
    28 | D        | Killed a meat berserker
    29 | D        | Reached skill level 27 in Fighting
    29 | D        | Reached skill level 27 in Armour
    29 | D        | Reached skill level 27 in Unarmed Combat
    29 | D        | Reached skill level 27 in Invocations
    29 | D        | Killed a meat berserker
    29 | D        | Killed a meat berserker
    29 | D        | Killed a meat berserker
    30 | D        | Reached skill level 27 in Stealth
    30 | D        | Reached XP level 23. HP: 201/201 MP: 0/0
    30 | D        | Learned a level 8 spell: Maxwell's Capacitive Coupling
    30 | D        | Killed a large bag of meat
    30 | D        | Noticed a destroyer
    31 | D        | Reached skill level 27 in Axes
    31 | D        | Reached skill level 27 in Throwing
    31 | D        | Reached skill level 27 in Spellcasting
    31 | D        | Killed a destroyer
    32 | D        | Reached skill level 15 in Maces & Flails
    32 | D        | Reached skill level 15 in Polearms
    32 | D        | Reached XP level 24. HP: 191/208 MP: 0/0
    32 | D        | Noticed a large bag of meat
    32 | D        | Noticed a large bag of meat
    33 | D        | Noticed a destroyer
    33 | D        | Noticed a destroyer
    33 | D        | Killed a destroyer
    33 | D        | Killed a destroyer
    34 | D        | Reached XP level 25. HP: 214/214 MP: 0/0
    34 | D        | Learned a level 9 spell: Polar Vortex
    36 | D        | Reached skill level 27 in Maces & Flails
    36 | D        | Reached skill level 27 in Polearms
    36 | D        | Killed a destroyer
    36 | D        | Noticed a large bag of meat
    37 | D        | Killed a large bag of meat
    38 | D        | Reached XP level 26. HP: 206/221 MP: 0/0
    39 | D        | Reached skill level 27 in Staves
    39 | D        | Killed a large bag of meat
    41 | D        | Reached skill level 10 in Short Blades
    41 | D        | Reached skill level 10 in Long Blades
    41 | D        | Noticed a destroyer
    42 | D        | Reached skill level 10 in Ranged Weapons
    42 | D        | Noticed an accursed
    42 | D        | Noticed a large bag of meat
    42 | D        | Killed a destroyer
    43 | D        | Reached XP level 27. HP: 217/228 MP: 0/0
    43 | D        | Learned a level 9 spell: Shatter
    44 | D        | Reached skill level 15 in Ranged Weapons
    44 | D        | Killed a destroyer
    44 | D        | Noticed a tyrant
    45 | D        | Noticed an accursed
    45 | D        | Killed an accursed
    46 | D        | Killed a large bag of meat
    46 | D        | Killed a destroyer
    47 | D        | Killed an accursed
    48 | D        | Noticed an accursed
    50 | D        | Reached skill level 27 in Shields
    50 | D        | Reached skill level 27 in Evocations
    51 | D        | Killed an accursed
    52 | D        | Reached skill level 27 in Short Blades
    52 | D        | Reached skill level 27 in Long Blades
    52 | D        | Reached skill level 27 in Ranged Weapons
    52 | D        | Killed a large bag of meat
    54 | D        | Killed a tyrant
    57 | D        | Noticed a meat beast
    57 | D        | Noticed a meat beast
    58 | D        | Noticed a meat beast
    58 | D        | Noticed a meat beast
    58 | D        | Noticed a meat beast
    59 | D        | Killed a meat beast
    59 | D        | Noticed a large bag of meat
    61 | D        | Killed a meat beast
    61 | D        | Killed a meat beast
    62 | D        | Killed a meat beast
    67 | D        | Noticed a destroyer
    68 | D        | Noticed a dread
    70 | D        | Noticed a tyrant
    70 | D        | Noticed a destroyer
    72 | D        | Noticed a meat beast
    74 | D        | Killed a meat beast
    75 | D        | Noticed a meat beast
    76 | D        | Killed a destroyer
    76 | D        | Killed a destroyer
    87 | D        | Noticed a tyrant
    90 | D        | Killed a meat beast
    90 | D        | Killed a meat beast
    91 | D        | Noticed a tyrant
    92 | D        | Noticed an accursed
    92 | D        | Killed a large bag of meat
    94 | D        | Noticed The Defiler
    94 | D        | HP: 8/228 [??? (5)]
    96 | D        | Noticed a tyrant
    96 | D        | Noticed a destroyer
    96 | D        | Noticed a destroyer
    96 | D        | Killed a dread
    97 | D        | Killed The Defiler
    97 | D        | Killed an accursed
    98 | D        | Noticed an accursed
    98 | D        | Killed a destroyer
    98 | D        | Noticed a large bag of meat
    99 | D        | Killed a large bag of meat
   100 | D        | Noticed The Servant
   100 | D        | Killed a tyrant
   100 | D        | Killed a destroyer
   102 | D        | Killed from afar by a wretched soul

Illustrated notes

Levels and vault maps discovered:
D:        meatsprint

Skill      XL: |  1  2  3  4  5  6  7  8  9 10 11 12 13 14 15 16 17 18 19 20 21 22 23 24 25 26 27 |
---------------+----------------------------------------------------------------------------------+-----
Fighting       | 10 12 14 16 18 20 21 22 24 26 27 | 27.0
Axes           | 8 10 12 13 15 17 18 19 21 22 26 27 | 27.0
Throwing       | 8 10 12 13 16 17 18 19 21 22 26 27 | 27.0
Armour         | 10 12 14 16 18 20 21 22 24 26 27 | 27.0
Dodging        | 11 13 16 17 20 21 23 24 26 27 | 27.0
Stealth        | 9 11 13 14 17 18 20 23 24 27 | 27.0
Unarmed Combat | 10 12 14 16 18 20 22 24 26 27 | 27.0
Spellcasting   | 8 10 11 12 14 16 17 19 20 24 27 | 27.0
Invocations    | 10 12 14 16 18 20 21 22 24 26 27 | 27.0
Maces & Flails | 15 24 27 | 27.0
Polearms       | 15 24 27 | 27.0
Staves         | 26 27 | 27.0
Short Blades   | 16 27 | 27.0
Long Blades    | 16 27 | 27.0
Ranged Weapons | 14 27 | 27.0
Shields        | 17 27 | 27.0
Evocations     | 17 27 | 27.0

Action                     |  1- 3 |  4- 6 |  7- 9 | 10-12 | 13-15 | 16-18 | 19-21 | 22-24 | 25-27 || total
---------------------------+-------+-------+-------+-------+-------+-------+-------+-------+-------++-------
  Melee: Executioner's axe |     1 |       |       |     1 |     4 |     3 |     6 |     7 |    46 ||    68
   Cast: Vhi's Electric Ch |       |       |       |       |     2 |       |     2 |     1 |    17 ||    22
    Use: Potion            |       |       |       |       |       |       |       |       |     2 ||     2
         Scroll            |       |       |       |       |       |       |       |       |     1 ||     1
 Armour: Leather armour    |       |       |       |       |       |       |       |       |     1 ||     1
  Dodge: Dodged            |     1 |       |       |       |       |       |       |     2 |     5 ||     8

Table legend: (Time is in decaauts)
 A = Elapsed time spent in this place.
 B = Non-inter-level travel time spent in this place.
 C = Inter-level travel time spent in this place.
 D = Time resting spent in this place.
 E = Time spent auto-exploring this place.
 F = Levels seen in this place.
 G = Mean time per level.
                   A        B        C        D        E       F      G
               +--------+--------+--------+--------+--------+-----+--------+
         Total |     90 |     90 |      0 |      0 |      0 |   1 |   90.0 |
       Dungeon |     90 |     90 |      0 |      0 |      0 |   1 |   90.0 |
               +--------+--------+--------+--------+--------+-----+--------+

Top non-repeatable levels by time:
       D: 90 daAuts
